 Dungeon Crawl Stone Soup version 0.19.5 (webtiles) character file.

5808 tricornhat the Thaumaturge (level 10, -5/64 HPs)
             Began as a Demonspawn Fire Elementalist on Mar 21, 2017.
             Was a Priest of Qazlal.
             Killed from afar by an electric eel (12 damage)
             ... with a bolt of electricity
             ... on level 10 of the Dungeon.
             The game lasted 01:32:34 (9557 turns).

tricornhat the Thaumaturge (DsFE)                   Turns: 9557, Time: 01:32:36

Health: -5/64      AC:  8    Str:  9    XL:     10   Next: 50%
Magic:  31/38      EV: 14    Int: 20    God:    Qazlal [***...]
Gold:   472        SH:  4    Dex: 13    Spells: 5 memorised, 12 levels left

rFire  + . .     SeeInvis .     b - staff of power
rCold  . . .     Gourm    .     r - +0 robe
rNeg   . . .     Faith    .     (no shield)
rPois  .         Spirit   .     y - +2 helmet
rElec  .         Reflect  .     E - +0 cloak
rCorr  .         Harm     .     t - +0 pair of gloves
MR     .....                    (no boots)
Stlth  ++........               (no amulet)
                                z - ring of protection from cold
                                C - ring of fire

@: about to teleport
A: talons 1, rugged brown scales 1, demonic guardian 1, rot immunity
a: Upheaval, Elemental Force, Renounce Religion


You were on level 10 of the Dungeon.
You worshipped Qazlal.
Qazlal was most pleased with you.
You were not hungry.

You visited 2 branches of the dungeon, and saw 11 of its levels.

You collected 472 gold pieces.

Inventory:

Hand Weapons
 a - the +2 falchion of the Establishment {drain, Dex+3 Stlth+}
   (You found it on level 4 of the Dungeon)

   A truly terrible weapon, it drains the life of those it strikes.
   It affects your dexterity (+3).
   It makes you more stealthy.
 w - a +1 short sword of venom
Armour
 r - a +0 robe (worn)
 t - a +0 pair of gloves (worn)
 y - a +2 helmet (worn)
 E - a +0 cloak (worn)
Magical Staves
 b - an uncursed staff of power (weapon)
Jewellery
 p - an uncursed ring of flight
 z - a ring of protection from cold (right hand)
 C - a ring of fire (left hand)
Wands
 e - a wand of paralysis (13/24)
 x - a wand of lightning (0/15)
Scrolls
 j - a scroll of recharging
 n - 3 scrolls of remove curse
 u - a scroll of random uselessness
 v - 3 scrolls of magic mapping
Potions
 g - 2 potions of curing
 h - 2 potions of heal wounds {unknown}
 i - a potion of agility {unknown}
 k - a potion of degeneration {unknown}
 m - a potion of haste {unknown}
 q - 3 potions of might {unknown}
 F - a potion of cure mutation {unknown}
 G - a potion of brilliance {unknown}
 H - 2 potions of cancellation {unknown}
Books
 f - a book of Flames

   Spells                             Type                      Level
   a - Flame Tongue                   Conjuration/Fire             1
   b - Throw Flame                    Conjuration/Fire             2
   c - Conjure Flame                  Conjuration/Fire             3
   d - Inner Flame                    Hexes/Fire                   3
   e - Sticky Flame                   Conjuration/Fire             4
   f - Fireball                       Conjuration/Fire             5
Comestibles
 c - 3 bread rations
 d - a chunk of flesh
 s - 4 meat rations
 D - a royal jelly


   Skills:
 - Level 0.1(1.9) Short Blades
 - Level 3.1(3.2) Long Blades
 + Level 4.2 Dodging
 + Level 3.9 Stealth
 * Level 9.1 Spellcasting
 + Level 6.6 Conjurations
 + Level 6.8 Fire Magic
 + Level 5.8 Invocations
 - Level 0.2 Evocations


You had 12 spell levels left.
You knew the following spells:

 Your Spells              Type           Power        Failure   Level  Hunger
a - Flame Tongue          Conj/Fire      #####        1%          1    None
b - Throw Flame           Conj/Fire      ######       1%          2    None
c - Sticky Flame          Conj/Fire      ######..     6%          4    ###....
d - Fireball              Conj/Fire      ######....   14%         5    #####..
e - Conjure Flame         Conj/Fire      ######..     1%          3    None


Dungeon Overview and Level Annotations

Branches:
Dungeon (10/15)            Temple (1/1) D:4
   Lair: D:8-11         Orc: D:9-12

Altars:
Ashenzari
Cheibriados
Dithmenos
Elyvilon
Fedhas
Gozag
Hepliaklqana
Kikubaaqudgha
Makhleb
Nemelex Xobeh
Okawaru
Qazlal
Ru
Sif Muna
Trog
Uskayaw
Vehumet
Xom
Yredelemnul
Zin
The Shining One

Annotations:
D:5 exclusion: statue
D:8 PeterLawrence's ghost, novice MiFi


Innate Abilities, Weirdness & Mutations

You have sharp toenails.
You are partially covered in rugged brown scales. (AC +1, +3% HP)
A weak demonic guardian rushes to your aid.
You are immune to rotting.


Message History

The electric eel moves out of view.
An electric eel comes into view.
The electric eel shoots out a bolt of lightning at you!
The bolt of electricity misses you.
You see here a scroll of fear.
The electric eel shoots out a bolt of lightning at you!
The bolt of electricity hits you!
The electric eel shoots out a bolt of lightning at you!
The bolt of electricity hits you! x2
* * * LOW HITPOINT WARNING * * *
The bolt of electricity hits the electric eel.
The electric eel completely resists.
You see here 18 gold pieces.
As you read the scroll of teleportation, it crumbles to dust.
You feel strangely unstable.
The electric eel shoots out a bolt of lightning at you!
The bolt of electricity hits you!
* * * LOW HITPOINT WARNING * * *
The bolt of electricity hits you!
You die...

#.#
.##.##############
.................#
.##.############.#
#.# #.# #.# #.#
#.# # #.# #.#
##≈#?# #.# #≈≈;@#
#. #≈≈≈≈.#
#≈≈≈≈≈5≈
#≈≈≈≈≈≈.≈≈
....≈≈≈....
≈≈≈.≈≈≈≈;≈≈≈
≈≈≈.≈≈≈≈≈≈≈##
#≈≈.≈≈≈≈≈≈##


You could see 2 electric eels and a friendly white imp.

Vanquished Creatures
  A komodo dragon (D:7)
  A hornet (D:8)
  A hippogriff (D:9)
  8 yaks
  2 hungry ghosts
  An orc warrior (D:7)
  An ice beast (D:7)
  2 sky beasts
  A necrophage (D:9)
  2 phantoms
  5 ogres
  A centaur (D:8)
  7 bullfrogs
  2 scorpions
  4 killer bees (D:9)
  4 wights (D:7)
  A howler monkey (D:7)
  3 crimson imps
  A quasit (D:9)
  4 bullfrog zombies
  2 jellies
  2 centaur zombies
  4 orc priests
  2 hounds
  5 orc wizards
  A bullfrog skeleton (D:7)
  A centaur skeleton (D:8)
  4 iguanas
  9 worker ants
  A hound zombie (D:9)
  A mummy (D:8)
  A hound skeleton (D:6)
  2 worker ant zombies
  7 gnolls
  10 adders
  2 shadow imps
  An ooze (D:4)
  An adder skeleton (D:7)
  An adder zombie (D:6)
  2 worms (D:2)
  2 dart slugs
  5 leopard geckos
  18 orcs
  4 ball pythons
  9 bats
  12 giant cockroaches
  7 goblins
  4 hobgoblins
  11 jackals
  3 kobolds
  3 quokkas
  A ball python zombie (D:5)
  4 frilled lizards
  A leopard gecko skeleton (D:6)
  9 rats
204 creatures vanquished.

Vanquished Creatures (collateral kills)
  A centaur skeleton (D:6)
  A yak (D:9)
  A gnoll sergeant (D:7)
  A water moccasin zombie (D:7)
  A crimson imp (D:6)
  2 gnolls (D:7)
  A shadow imp (D:6)
  2 orcs (D:4)
10 creatures vanquished.

Vanquished Creatures (others)
  A quokka (D:10)
1 creature vanquished.

Grand Total: 215 creatures vanquished

Notes
Turn   | Place    | Note
-------+----------+-------------------------------------------
     0 | D:1      | tricornhat the Demonspawn Fire Elementalist began the quest for the Orb.
     0 | D:1      | Reached XP level 1. HP: 13/13 MP: 3/3
   379 | D:1      | Gained mutation: A weak demonic guardian rushes to your aid. [demonic ancestry]
   379 | D:1      | Reached XP level 2. HP: 19/19 MP: 0/5
   834 | D:2      | Reached XP level 3. HP: 24/24 MP: 1/6
   849 | D:2      | Learned a level 3 spell: Conjure Flame
   961 | D:2      | Found a faded altar of an unknown god.
  1499 | D:3      | Reached XP level 4. HP: 24/30 MP: 8/8
  1881 | D:3      | Learned a level 2 spell: Throw Flame
  2373 | D:4      | Found a staircase to the Ecumenical Temple.
  2380 | D:4      | Reached skill level 3 in Spellcasting
  2518 | Temple   | Entered the Ecumenical Temple
  2625 | Temple   | Became a worshipper of Qazlal Stormbringer
  2663 | D:4      | Found an iron altar of Okawaru.
  2690 | D:4      | Gained mutation: You are immune to rotting. [demonic ancestry]
  2690 | D:4      | Reached XP level 5. HP: 25/35 MP: 0/9
  2691 | D:4      | Got a jewelled falchion
  2692 | D:4      | Identified the cursed +2 falchion of the Establishment {drain, Dex+3 Stlth+} (You found it on level 4 of the Dungeon)
  2721 | D:4      | Noticed a phantom
  2737 | D:4      | Killed a phantom
  2844 | D:4      | Noticed an ogre
  2858 | D:4      | Killed an ogre
  2858 | D:4      | Reached skill level 4 in Spellcasting
  2858 | D:4      | Reached XP level 6. HP: 41/41 MP: 7/12
  3727 | D:4      | Gained mutation: You are partially covered in rugged brown scales. (AC +1, +3% HP) [demonic ancestry]
  3727 | D:4      | Reached XP level 7. HP: 41/47 MP: 9/14
  3795 | D:4      | Reached * piety under Qazlal
  3801 | D:4      | Found a hide-covered altar of Uskayaw.
  3879 | D:4      | Reached skill level 5 in Spellcasting
  4047 | D:5      | Entered Level 5 of the Dungeon
  4078 | D:5      | Found a bloodstained altar of Trog.
  4089 | D:5      | Found an opulent altar of Gozag.
  4129 | D:5      | Reached skill level 1 in Long Blades
  4357 | D:5      | Reached skill level 5 in Fire Magic
  4413 | D:5      | Found a shimmering altar of Xom.
  4435 | D:5      | Found a glowing golden altar of the Shining One.
  4532 | D:5      | Found a radiant altar of Vehumet.
  4556 | D:5      | Found a glowing drain.
  4606 | D:5      | Gained mutation: You have sharp toenails. [demonic ancestry]
  4606 | D:5      | Reached XP level 8. HP: 52/53 MP: 1/16
  4612 | D:5      | Learned a level 4 spell: Sticky Flame
  4694 | D:6      | Reached skill level 6 in Spellcasting
  5127 | D:6      | Reached ** piety under Qazlal
  5422 | D:7      | Reached skill level 7 in Spellcasting
  5438 | D:7      | Reached skill level 5 in Conjurations
  5473 | D:7      | Reached skill level 1 in Invocations
  5627 | D:7      | Found a hazy altar of Hepliaklqana.
  5799 | D:7      | Found a blossoming altar of Fedhas.
  6045 | D:7      | Found a bloodstained altar of Trog.
  6052 | D:7      | Reached XP level 9. HP: 50/58 MP: 14/19
  6063 | D:7      | Learned a level 5 spell: Fireball
  6111 | D:7      | Noticed a komodo dragon
  6128 | D:7      | Killed a komodo dragon
  6429 | D:7      | Found a glowing silver altar of Zin.
  6810 | D:7      | Found a sparkling altar of Nemelex Xobeh.
  6827 | D:7      | Reached skill level 8 in Spellcasting
  7263 | D:8      | Reached *** piety under Qazlal
  7609 | D:8      | Noticed PeterLawrence's ghost (novice MiFi)
  7807 | D:8      | Paralysed by a hornet for 2 turns
  7809 | D:8      | Reached XP level 10. HP: 52/64 MP: 13/22
  7914 | D:8      | Found a snail-covered altar of Cheibriados.
  8581 | D:9      | Reached skill level 5 in Invocations
  9116 | D:9      | Reached skill level 9 in Spellcasting
  9404 | D:10     | Entered Level 10 of the Dungeon
  9442 | D:10     | Learned a level 3 spell: Conjure Flame
  9516 | D:10     | Noticed a gargoyle
  9557 | D:10     | Killed from afar by an electric eel

Skill      XL: |  1  2  3  4  5  6  7  8  9 10 |
---------------+-------------------------------+-----
Dodging        | 2 3 4 |  4.2
Fire Magic     | 3 4 5 6 |  6.8
Stealth        | 2 3 |  3.9
Spellcasting   | 3 4 5 7 8 9 |  9.1
Conjurations   | 2 3 4 5 6 |  6.6
Long Blades    | 1 2 3 |  3.1
Invocations    | 1 4 5 |  5.8
Short Blades   | |  0.1
Evocations     | |  0.2

Action                   |  1- 3 |  4- 6 |  7- 9 | 10-12 || total
-------------------------+-------+-------+-------+-------++-------
Melee: Dagger            |     8 |    20 |       |       ||    28
       Falchion          |       |    13 |   149 |    16 ||   178
       Kick              |       |       |    57 |     7 ||    64
       Staff             |       |       |    42 |     3 ||    45
       Short sword       |       |       |     5 |       ||     5
 Cast: Flame Tongue      |    48 |    83 |   133 |    71 ||   335
       Throw Flame       |       |    27 |    75 |    36 ||   138
       Sticky Flame      |       |       |     8 |     7 ||    15
       Fireball          |       |       |       |     1 ||     1
       Conjure Flame     |       |       |       |     1 ||     1
Evoke: Wand              |       |     3 |     1 |     1 ||     5
  Use: Scroll            |     3 |     3 |    13 |     2 ||    21
       Potion            |       |       |     2 |       ||     2
 Stab: Sleeping          |     5 |     2 |       |       ||     7
       Distracted        |       |       |     1 |       ||     1
  Eat: Chunk             |     2 |     6 |     5 |     7 ||    20
       Beef jerky        |       |     1 |     1 |       ||     2
       Bread ration      |       |       |     2 |       ||     2
Armor: Robe              |     4 |    18 |    80 |    19 ||   121
Dodge: Dodged            |    18 |    59 |   156 |    72 ||   305
Block: Other             |       |       |    34 |    15 ||    49
       Rpst.: Falchion   |       |     8 |    38 |     3 ||    49
